 Dungeon Crawl Stone Soup version 0.22-a0-538-g76cc104 (webtiles) character file.

5264 emperorscorpion the Covert (level 10, 46/46 HPs)
             Began as a Spriggan Enchanter on June 23, 2018.
             Was a Priest of Yredelemnul.
             Quit the game on level 9 of the Dungeon.
             The game lasted 00:25:19 (9874 turns).

emperorscorpion the Covert (Spriggan Enchanter)     Turns: 9874, Time: 00:25:20

Health: 46/46      AC:  3    Str:  4    XL:     10   Next: 36%
Magic:  31/31      EV: 20    Int: 19    God:    Yredelemnul [***...]
Gold:   292        SH:  0    Dex: 18    Spells: 12/24 levels left

rFire    . . .     SeeInvis +   a - +2 dagger (flame)
rCold    . . .     Gourm    .   (shield restricted)
rNeg     . . .     Faith    .   n - +0 robe
rPois    .         Spirit   .   s - +1 hat
rElec    .         Reflect  .   (no cloak)
rCorr    .         Harm     .   (gloves unavailable)
MR       +....                  (boots unavailable)
Stlth    ++++++....             (no amulet)
HPRegen  0.15/turn              z - ring of magical power
MPRegen  0.22/turn              (no ring)

@: very quick
A: very small, unfitting armour, see invisible, herbivore, speed 3, slow
metabolism 2
a: Recall Undead Slaves, Injury Mirror, Animate Dead, Renounce Religion


You were on level 9 of the Dungeon.
You worshipped Yredelemnul.
Yredelemnul was most pleased with you.
You were hungry.

You visited 2 branches of the dungeon, and saw 10 of its levels.

You collected 432 gold pieces.
You spent 140 gold pieces at shops.

Inventory:

Hand Weapons
 a - a +2 dagger of flaming (weapon)
 b - a +0 dagger of draining
 f - a +0 hunting sling
 h - a +1 dagger
 j - a +0 dagger of holy wrath
 F - a cursed -2 shortbow
 I - the +3 trident of Xehico Ost {pierce, *Slow rF++ rN+ Int+2}
   (You found it on level 8 of the Dungeon)

   It inflicts extra damage upon your enemies.
   It affects your intelligence (+2).
   It greatly protects you from fire.
   It protects you from negative energy.
   It may slow you when you take damage.
 N - a +0 blowgun
Missiles
 i - 260 stones (quivered)
 k - 56 sling bullets
 p - 123 arrows
 v - 42 poisoned needles
 w - 56 bolts
 y - 21 tomahawks
 K - 5 silver tomahawks
Armour
 n - a +0 robe (worn)
 s - a +1 hat (worn)
Magical Staves
 D - an uncursed staff of conjuration
Jewellery
 z - a ring of magical power (left hand)
Wands
 c - a wand of disintegration (16)
 G - a wand of iceblast (10)
 H - a wand of random effects (30)
 J - a wand of flame (19)
Scrolls
 l - 3 scrolls of magic mapping
 m - 2 scrolls of remove curse
 q - 3 scrolls of enchant armour
 t - 3 scrolls of teleportation
 x - a scroll of fear
 B - 3 scrolls of immolation
 C - 3 scrolls of identify
 M - a scroll of amnesia
Potions
 e - 2 potions of curing
 g - 2 potions of magic
 o - a potion of mutation
 r - 2 potions of ambrosia
 u - a potion of haste
 A - a potion of heal wounds {unknown}
 E - a potion of might {unknown}
 L - 2 potions of agility {unknown}
Comestibles
 d - 12 rations


   Skills:
 + Level 2.1 Fighting
 + Level 5.5 Short Blades
 + Level 4.6 Dodging
 + Level 13.7 Stealth
 + Level 7.7 Spellcasting
 + Level 1.0 Conjurations
 + Level 8.5 Hexes
 - Level 3.7 Summonings
 + Level 2.7 Ice Magic
 + Level 0.6 Invocations
 + Level 1.7 Evocations


You had 12 spell levels left.
You knew the following spells:

 Your Spells              Type           Power        Failure   Level  Hunger
a - Dazzling Spray        Conj/Hex       ####..       4%          3    #......
b - Ensorcelled Hibernat  Hex/Ice        ####..       1%          2    None
c - Confuse               Hex            #####...     1%          3    #......
d - Summon Ice Beast      Ice/Summ       ###.....     24%         4    ###....

Your spell library contained the following spells:

 Spells                   Type           Power        Failure   Level  Hunger
 Magic Dart               Conj           ##..         6%          1    None
 Summon Small Mammal      Summ           ###.         1%          1    None
 Iskenderun's Mystic Bla  Conj           ##......     52%         4    ###....
 Call Imp                 Summ           ###.....     3%          2    None
 Tukima's Dance           Hex            #####...     1%          3    #......
 Stone Arrow              Conj/Erth      #.....       22%         3    #......
 Passwall                 Tmut/Erth      #.......     14%         2    None
 Call Canine Familiar     Summ           ###.....     6%          3    #......
 Corona                   Hex            #####..      1%          1    None
 Lee's Rapid Deconstruct  Erth           #.........   95%         5    #####..
 Sandblast                Erth           #.....       10%         1    None
 Petrify                  Tmut/Erth      #.......     67%         4    ###....
 Fulminant Prism          Conj/Hex       ####......   13%         4    ###....
 Force Lance              Conj/Tloc      #.......     58%         4    ###....
 Searing Ray              Conj           ##....       10%         2    None
 Summon Lightning Spire   Summ/Air       ##......     41%         4    ###....
 Summon Guardian Golem    Hex/Summ       ####....     2%          3    #......


Dungeon Overview and Level Annotations

Branches:
Dungeon (9/15)             Temple (1/1) D:5
   Lair: D:8-11         Orc: D:9-12

Altars:
Cheibriados
Dithmenos
Elyvilon
Fedhas
Gozag
Hepliaklqana
Kikubaaqudgha
Makhleb
Nemelex Xobeh
Okawaru
Qazlal
Ru
Sif Muna
Trog
Uskayaw
Vehumet
Wu Jian
Xom
Yredelemnul
Zin

Shops:
D:6 *


Innate Abilities, Weirdness & Mutations

You are very small and have problems with some larger weapons.
You are too small for most types of armour.
You have supernaturally acute eyesight. (SInv)
You are a herbivore.
You cover ground extremely quickly.
You need to consume almost no food.


Message History

There is a stone staircase leading up here.
HP restored.
Found a stone staircase leading down.
y - 21 tomahawks (gained 7)
d - 12 rations (gained 1)
A yak comes into view.
A yak is nearby! 2 yaks come into view.
Found a twisted iron ring. 2 yaks come into view.
Found a chain mail. 4 yaks come into view.
The yak bellows! x2
A yak comes into view.
The yak bellows!
Okay, then.
Unknown command. 2 yaks come into view.
The yak bellows! x4
Are you sure you want to abandon this character and quit the game? (Confirm with "yes".)

.................>.
####........###.###
#.....##.###.#
#..>....##...#.#####
##.####.####.......######
... #.######.###.#....##
## .........## .......
#.........###..#....
#.#......@##..##....
#........Y.##.....
#........Y.Y......
#..........Y.Y.[..
#..........YY.Y...
#..........Y.Y=...
................Y#
...........##...## ###
.####.####.## ####


You could see 10 yaks.

Vanquished Creatures
  An ugly thing (D:8)
  The ghost of gmonis the Basher, a novice MiBe of Trog (D:5)
  Grinder (D:3)
  2 slime creatures (D:9)
  A hippogriff (D:8)
  A spriggan (D:7)
  2 hungry ghosts (D:8)
  4 orc warriors
  An ice beast (D:7)
  3 sky beasts
  2 phantoms
  4 ogres
  An eye of draining (D:8)
  A centaur (D:6)
  A big kobold (D:8)
  3 bullfrogs
  A gnoll sergeant (D:4)
  2 scorpions
  3 howler monkeys
  5 wights (D:6)
  3 crimson imps
  A bullfrog zombie (D:4)
  2 quasits
  2 jellies
  3 hounds
  A centaur skeleton (D:8)
  6 orc priests
  3 bullfrog skeletons
  4 worker ants
  4 iguanas
  4 orc wizards
  A hound zombie (D:5)
  A hound skeleton (D:4)
  A howler monkey skeleton (D:5)
  8 adders
  11 gnolls
  An ooze (D:1)
  2 adder skeletons
  3 worms
  A dart slug (D:2)
  5 leopard geckos
  28 orcs
  2 ball pythons
  3 giant cockroaches
  15 goblins
  11 hobgoblins
  4 jackals (D:7)
  6 quokkas
  3 bats
  2 frilled lizards
  A jackal skeleton (D:4)
  A jackal zombie (D:5)
  9 kobolds
  4 rats
196 creatures vanquished.

Vanquished Creatures (collateral kills)
  A leopard gecko (D:6)
  2 orcs (D:6)
3 creatures vanquished.

Vanquished Creatures (others)
  A centaur zombie (D:6)
1 creature vanquished.

Grand Total: 200 creatures vanquished

Notes
Turn   | Place    | Note
-------+----------+-------------------------------------------
     0 | D:1      | emperorscorpion the Spriggan Enchanter began the quest for the Orb.
     0 | D:1      | Reached XP level 1. HP: 9/9 MP: 5/5
   447 | D:1      | Reached XP level 2. HP: 10/13 MP: 3/6
   554 | D:1      | Learned a level 2 spell: Ensorcelled Hibernation
   978 | D:1      | Reached skill level 5 in Stealth
  1215 | D:1      | Reached XP level 3. HP: 16/16 MP: 2/8
  1221 | D:1      | Learned a level 3 spell: Confuse
  1635 | D:2      | Found a faded altar of an unknown god.
  2093 | D:2      | Reached XP level 4. HP: 21/21 MP: 6/9
  2098 | D:2      | Reached skill level 6 in Stealth
  2940 | D:3      | Found a burning altar of Makhleb.
  3117 | D:3      | Noticed Grinder
  3125 | D:3      | Killed Grinder
  3125 | D:3      | Reached skill level 7 in Stealth
  3125 | D:3      | Reached skill level 5 in Hexes
  3125 | D:3      | Reached skill level 1 in Ice Magic
  3125 | D:3      | Reached XP level 5. HP: 19/25 MP: 0/11
  3125 | D:3      | Reached XP level 6. HP: 22/29 MP: 0/12
  3130 | D:3      | Learned a level 3 spell: Dazzling Spray
  3544 | D:4      | Reached skill level 8 in Stealth
  3651 | D:4      | Reached skill level 1 in Fighting
  3809 | D:4      | Found a shadowy altar of Dithmenos.
  3887 | D:4      | Reached XP level 7. HP: 33/33 MP: 13/15
  4144 | D:4      | Reached skill level 9 in Stealth
  4144 | D:4      | Reached skill level 5 in Spellcasting
  4524 | D:5      | Entered Level 5 of the Dungeon
  4730 | D:5      | Found a runed gate.
  4730 | D:5      | Found a runed gate.
  4730 | D:5      | Found a runed gate.
  4730 | D:5      | Noticed gmonis's ghost (novice MiBe)
  4818 | D:5      | Reached skill level 10 in Stealth
  5315 | D:5      | Reached XP level 8. HP: 37/37 MP: 16/16
  5384 | D:5      | Found a staircase to the Ecumenical Temple.
  5395 | Temple   | Entered the Ecumenical Temple
  5408 | Temple   | Became a worshipper of Yredelemnul the Dark
  5512 | D:5      | Reached skill level 11 in Stealth
  5604 | D:5      | Learned a level 4 spell: Summon Ice Beast
  5816 | D:5      | Killed gmonis's ghost
  5816 | D:5      | Reached skill level 1 in Summonings
  6043 | D:6      | Reached skill level 12 in Stealth
  6098 | D:6      | Found an opulent altar of Gozag.
  6137 | D:6      | Reached XP level 9. HP: 41/41 MP: 18/18
  6157 | D:6      | Reached * piety under Yredelemnul
  6433 | D:6      | Found a hide-covered altar of Uskayaw.
  6619 | D:6      | Found Zoewolo's Elemental Accessories.
  6632 | D:6      | Bought a wand of iceblast (10) for 140 gold pieces
  7377 | D:7      | Found a deep blue altar of Sif Muna.
  7788 | D:7      | Reached ** piety under Yredelemnul
  8128 | D:7      | Reached skill level 5 in Short Blades
  8427 | D:8      | Got a slimy trident
  8429 | D:8      | Identified the +3 trident of Xehico Ost {pierce, *Slow rF++ rN+ Int+2} (You found it on level 8 of the Dungeon)
  8471 | D:8      | Reached skill level 13 in Stealth
  8882 | D:8      | Found an ornate altar of the Wu Jian Council.
  9074 | D:8      | Reached XP level 10. HP: 46/46 MP: 21/21
  9506 | D:9      | Noticed a purple ugly thing
  9513 | D:9      | Reached *** piety under Yredelemnul
  9600 | D:8      | Killed a purple ugly thing
  9600 | D:8      | Reached skill level 1 in Conjurations
  9600 | D:8      | Reached skill level 1 in Evocations
  9874 | D:9      | Quit the game

Vault maps used:
D:1:      evilmike_arrival_rings, minmay_surrounded
D:2:      chequers_ecumenical_altar_island, minmay_vboxes
D:3:      overflow_temple_1_default, first_ration, uniq_grinder
D:4:      lemuel_doored_altar, minivault_19
D:5:      minmay_temple_entry_fiery, gammafunk_ghost_necromancy
D:6:      kennysheep_little_box, eat_drink_and_be_merry_uskayaw,
          hangedman_decor_diamond_cutter, nicolae_elemental_shop
D:7:      nicolae_overflow_crystal_walls, the_bakery
D:8:      kennysheep_mini_moat
D:9:      old_standard_altar, lemuel_coloured_pillars_altar,
          kennysheep_generic_room_13
Temple:   zaba_magenta_temple

Skill      XL: |  1  2  3  4  5  6  7  8  9 10 |
---------------+-------------------------------+-----
Hexes          | 4 5 6 8 |  8.5
Stealth        | 5 7 8 10 12 13 | 13.7
Spellcasting   | 3 4 5 7 |  7.7
Short Blades   | 2 3 4 5 |  5.5
Ice Magic      | 1 2 |  2.7
Fighting       | 1 2 |  2.1
Dodging        | 4 |  4.6
Summonings     | 1 3 |  3.7
Conjurations   | 1 |  1.0
Evocations     | 1 |  1.7
Invocations    | |  0.6

Action                   |  1- 3 |  4- 6 |  7- 9 | 10-12 || total
-------------------------+-------+-------+-------+-------++-------
Melee: Dagger            |    80 |    92 |   294 |    59 ||   525
 Cast: Corona            |     8 |       |       |       ||     8
       Ensorcelled Hiber |    20 |    15 |    62 |     9 ||   106
       Confuse           |       |     5 |    35 |    10 ||    50
       Dazzling Spray    |       |     3 |    14 |    11 ||    28
Invok: Animate Remains   |       |       |     5 |       ||     5
       Recall Undead Sla |       |       |     1 |       ||     1
Evoke: Wand              |       |       |     4 |    22 ||    26
  Use: Potion            |     1 |       |       |       ||     1
       Scroll            |       |    10 |     3 |       ||    13
 Stab: Sleeping          |    18 |    19 |    54 |     6 ||    97
       Distracted        |     1 |       |     1 |       ||     2
       Confused          |       |     2 |    19 |     5 ||    26
       Invisible         |       |     1 |     3 |     1 ||     5
  Eat: Ration            |       |     2 |     4 |     1 ||     7
Armor: Robe              |     6 |     6 |     7 |     2 ||    21
Dodge: Dodged            |    35 |    65 |   154 |    55 ||   309

Table legend:
 A = Spawn XP
 B = Non-spawn XP
 C = Spawn XP percentage of total XP
 D = Spawn monster count
 E = Non-spawn monster count
 F = Spawn count percentage of total count
 G = Total turns spent on level
                    A         B        C        D         E        F      G
               +---------+---------+-------+---------+---------+-------+---------
         Total |       0 |    7520 |   0.0 |       0 |     199 |   0.0 |  9874
               +---------+---------+-------+---------+---------+-------+---------
           D:1 |       0 |      50 |   0.0 |       0 |      26 |   0.0 |  1619
           D:2 |       0 |     112 |   0.0 |       0 |      25 |   0.0 |  1302
           D:3 |       0 |     329 |   0.0 |       0 |       8 |   0.0 |   657
           D:4 |       0 |     666 |   0.0 |       0 |      24 |   0.0 |   946
           D:5 |       0 |    1206 |   0.0 |       0 |      31 |   0.0 |  1336
           D:6 |       0 |    1358 |   0.0 |       0 |      27 |   0.0 |  1382
           D:7 |       0 |     925 |   0.0 |       0 |      22 |   0.0 |  1063
           D:8 |       0 |    2237 |   0.0 |       0 |      29 |   0.0 |  1221
           D:9 |       0 |     637 |   0.0 |       0 |       7 |   0.0 |   260
               +---------+---------+-------+---------+---------+-------+---------
